 Dungeon Crawl Stone Soup version 0.17.1-3-g152610e (webtiles) character file.

213 Heskey the Skirmisher (level 5, -2/43 HPs)
             Began as a Demonspawn Gladiator on Apr 5, 2016.
             Slain by a kobold
             ... wielding a +0 whip
              (6 damage)
             ... on level 3 of the Dungeon.
             The game lasted 00:03:08 (1637 turns).

Heskey the Skirmisher (Demonspawn Gladiator)        Turns: 1637, Time: 00:03:09

Health: -2/43      AC:  8    Str: 17      XL:     5   Next: 59%
Magic:  5/5        EV: 13    Int:  9      God:
Gold:   128        SH:  0    Dex:  9 (12) Spells: 0 memorised, 4 levels left

rFire  . . .     SeeInvis .     a - +0 trident
rCold  . . .     Clarity  .     b - +0 leather armour
rNeg   + . .     SustAt   .     (no shield)
rPois  .         Gourm    .     (helmet restricted)
rElec  .         Spirit   .     n - +0 cloak
rCorr  .         Warding  +     (no gloves)
rMut   .         Stasis   .     (no boots)
MR     .....                    f - amulet of warding
Stlth  +.........               s - ring of flight
                                p - +1 ring of evasion

@: flying (expiring), not resistant to hostile enchantments, very unstealthy
A: antennae 1, rough black scales 1
a: no special abilities


You were on level 3 of the Dungeon.
You were not hungry.

You visited 1 branch of the dungeon, and saw 3 of its levels.

You collected 128 gold pieces.

Inventory:

Hand Weapons
 a - a +0 trident (weapon)
Missiles
 d - 3 throwing nets (quivered)
Armour
 b - a +0 leather armour (worn)
 c - a +0 helmet
 n - a +0 cloak (worn)
Jewellery
 f - an amulet of warding (around neck)
 p - a +1 ring of evasion (left hand)
 s - a ring of flight (right hand)
Wands
 r - a wand of frost (17)
Scrolls
 g - 2 scrolls of identify
 h - 2 scrolls of remove curse
 m - 2 scrolls of magic mapping
Potions
 k - a potion of cure mutation
 l - 4 potions of curing
Comestibles
 e - a bread ration
 i - 4 meat rations
 q - a beef jerky
 u - 3 chunks of flesh


   Skills:
 * Level 4.5 Fighting
 + Level 3.6 Polearms
 - Level 1.7 Throwing
 + Level 2.0 Armour
 - Level 2.6 Dodging


You had 4 spell levels left.
You didn't know any spells.

Dungeon Overview and Level Annotations

Branches:
Dungeon (3/15)

Altars:
Ashenzari


Innate Abilities, Weirdness & Mutations

You have a pair of small antennae on your head.
You are partially covered in rough black scales (AC +4, Dex -1).


Message History

The kobold closely misses you. The orc priest barely misses you.
The orc hits you but does no damage. Something hits you but does no damage.
You hit the orc priest.
The orc priest is severely wounded.
You are starting to lose your buoyancy.
The orc priest calls upon Beogh to heal the orc.
The orc's wounds heal themselves!
The kobold hits you but does no damage. The orc hits you but does no damage.
You hear some strange, mumbled words.
A puff of flame appears from out of thin air!
The puff of flame hits you!
* * * LOW HITPOINT WARNING * * *
The kobold hits you but does no damage. The orc priest misses you.
You puncture the orc priest!
You kill the orc priest!
Your Armour skill increases to level 2!
The orc hits you with a dagger.
* * * LOW HITPOINT WARNING * * *
Something hits you but does no damage. The kobold hits you with a whip.
You die...

.#.[.....#,,,,,,,*,,,,,,,*
.#.......#,,,,,,,*,,,,,,,*
.#.......#,,,,,,,*,,,,,,,*
.##.....##*,,,,,***,,,,,**
.###...## **,,,** **,,,**
...##'#######+#######+##**
.#..............S.......,*
.#.........†...Ko{......,*
.#....!.).......@o......,**
.####(#######'#######'##,,**
.###...## *#...#* **,,,**,,*
.##.....###.....#**,,,,,**,*
.#...)...#.......#,,,,,,,*,*
,#.......#.......#,,,,,,,*,*
,#.......#...=...#,,,,,,,*,*
,##.....###.....##*,,,,,**,*
,,##...## ##...## **,,,***,*


You could see an adder, 2 orcs and a kobold.

Vanquished Creatures
  An orc priest (D:3)
  Crazy Yiuf (D:2)
  Ijyb (D:2)
  Jessica (D:2)
  A worker ant (D:3)
  Robin (D:2)
  An adder (D:3)
  2 oozes
  A giant gecko (D:1)
  An orc (D:3)
  A ball python (D:2)
  3 giant cockroaches
  8 goblins
  11 hobgoblins
  8 kobolds
  2 bats (D:2)
  A giant newt (D:1)
  A quokka (D:2)
  2 rats
48 creatures vanquished.

Notes
Turn   | Place    | Note
--------------------------------------------------------------
     0 | D:1      | Heskey the Demonspawn Gladiator began the quest for the Orb.
     0 | D:1      | Reached XP level 1. HP: 16/16 MP: 1/1
   237 | D:1      | Gained mutation: You are partially covered in rough black scales (AC +4, Dex -1). [demonic ancestry]
   237 | D:1      | Reached XP level 2. HP: 17/23 MP: 2/2
   435 | D:2      | Noticed Robin
   445 | D:2      | Reached skill level 3 in Polearms
   450 | D:2      | Reached skill level 1 in Armour
   461 | D:2      | Gained mutation: You have a pair of small antennae on your head. [demonic ancestry]
   461 | D:2      | Reached XP level 3. HP: 23/28 MP: 3/3
   475 | D:2      | Killed Robin
   488 | D:2      | Found a shattered altar of Ashenzari.
   491 | D:2      | Found a shattered altar of Ashenzari.
   655 | D:2      | Noticed Crazy Yiuf
   665 | D:2      | Killed Crazy Yiuf
   665 | D:2      | Reached XP level 4. HP: 21/35 MP: 4/4
   962 | D:2      | Noticed Ijyb
   976 | D:2      | Killed Ijyb
  1063 | D:2      | Noticed Jessica
  1082 | D:2      | Killed Jessica
  1082 | D:2      | Reached skill level 4 in Fighting
  1082 | D:2      | Reached XP level 5. HP: 21/42 MP: 5/5
  1637 | D:3      | Slain by a kobold

Action                   |  1- 3 |  4- 6 || total
-------------------------+-------+-------++-------
Melee: Trident           |   105 |    83 ||   188
  Use: Potion            |       |     5 ||     5
       Scroll            |       |     3 ||     3
  Eat: Chunk             |       |     3 ||     3
